 Dungeon Crawl Stone Soup version 0.21.1-1-g345015fe64 (webtiles) character file.

303 Ivernyr the Covered (level 6, -3/44 HPs)
             Began as a Human Skald on May 2, 2018.
             Slain by an iguana (10 damage)
             ... on level 4 of the Dungeon.
             The game lasted 00:11:10 (3412 turns).

Ivernyr the Covered (Human Skald)                   Turns: 3412, Time: 00:11:10

Health: -3/44      AC:  4    Str: 11    XL:     6   Next: 66%
Magic:  4/9        EV: 12    Int: 14    God:
Gold:   211        SH:  0    Dex: 14    Spells: 4/9 levels left

rFire    . . .     SeeInvis .   a - +0 falchion
rCold    . . .     Gourm    .   (no shield)
rNeg     . . .     Faith    .   b - +0 leather armour
rPois    .         Spirit   .   l - +1 hat
rElec    .         Reflect  .   (no cloak)
rCorr    .         Harm     .   (no gloves)
MR       .....                  (no boots)
Stlth    +.........             (no amulet)
HPRegen  0.14/turn              (no ring)
MPRegen  0.11/turn              (no ring)

@: shrouded (expiring), very slightly contaminated
A: no striking features
a: no special abilities


You were on level 4 of the Dungeon.
You were hungry.

You visited 1 branch of the dungeon, and saw 4 of its levels.

You collected 211 gold pieces.

Inventory:

Hand Weapons
 a - a +0 falchion (weapon)
Armour
 b - a +0 leather armour (worn)
 l - a +1 hat (worn)
Scrolls
 e - 2 scrolls of amnesia {unknown}
 f - a scroll of enchant weapon {unknown}
 g - 3 scrolls of teleportation {unknown}
 h - 3 scrolls of identify {unknown}
 j - 5 scrolls of enchant armour {unknown}
 o - a scroll of remove curse {unknown}
Potions
 i - a potion of haste
 k - a potion of heal wounds {unknown}
 m - a potion of curing {unknown}
 n - 3 potions of might {unknown}
 p - a potion of lignification
Books
 c - a book of Battle

   Spells                             Type                      Level
   a - Infusion                       Charms                       1
   b - Shroud of Golubria             Charms/Translocation         2
   c - Song of Slaying                Charms                       2
   d - Spectral Weapon                Hexes/Charms                 3
   e - Regeneration                   Charms/Necromancy            3
Comestibles
 d - 4 rations


   Skills:
 - Level 2.0 Fighting
 + Level 3.6 Long Blades
 * Level 4.4 Armour
 - Level 2.0 Dodging
 - Level 2.0 Spellcasting
 + Level 4.2 Charms


You had 4 spell levels left.
You knew the following spells:

 Your Spells              Type           Power        Failure   Level  Hunger
a - Shroud of Golubria    Chrm/Tloc      #.........   19%         2    ###....
b - Song of Slaying       Chrm           ##......     8%          2    ###....
c - Infusion              Chrm           ##..         5%          1    ##.....


Dungeon Overview and Level Annotations

Branches:
Dungeon (4/15)
 Temple: D:4-7

Altars:

Annotations:
D:3 YoungGLord's ghost, amateur HOFi


Message History

The iguana is lightly wounded.
The iguana barely misses you.
You hit the iguana but do no damage.
The iguana is lightly wounded.
Your shroud begins to fray at the edges.
Your shroud bends the iguana's attack away.
You hit the iguana.
The iguana is moderately wounded.
The iguana bites you.
* * * LOW HITPOINT WARNING * * *
You hit the iguana but do no damage.
The iguana is moderately wounded.
The iguana barely misses you.
You riposte.
You hit the iguana.
The iguana is heavily wounded.
You hit the iguana but do no damage.
The iguana is heavily wounded.
The iguana closely misses you.
You riposte.
You closely miss the iguana.
The iguana is heavily wounded.
The iguana bites you!
You die...

#... .... #.#.
.... +... .....
#..?## ... #..#.#
... ##+#
#....##.#####
#....#............
..........<#..###
......l@...# #
.....##+#### ....
... .


You could see an iguana.

Vanquished Creatures
  Sigmund (D:3)
  Jessica (D:3)
  Robin (D:3)
  4 adders
  2 oozes (D:1)
  A worm (D:2)
  3 dart slugs
  3 leopard geckos
  3 giant cockroaches
  15 goblins
  6 hobgoblins
  A quokka (D:2)
  4 bats
  2 frilled lizards
  8 kobolds
  9 rats
64 creatures vanquished.

Vanquished Creatures (others)
  A plant (D:3)
1 creature vanquished.

Grand Total: 65 creatures vanquished

Notes
Turn   | Place    | Note
-------+----------+-------------------------------------------
     0 | D:1      | Ivernyr the Human Skald began the quest for the Orb.
     0 | D:1      | Reached XP level 1. HP: 16/16 MP: 3/3
   146 | D:1      | Reached XP level 2. HP: 17/22 MP: 5/5
   219 | D:1      | Learned a level 2 spell: Song of Slaying
   222 | D:1      | Learned a level 2 spell: Shroud of Golubria
   715 | D:1      | Reached XP level 3. HP: 22/27 MP: 6/6
  1190 | D:2      | Reached XP level 4. HP: 29/33 MP: 7/7
  1338 | D:2      | Found a faded altar of an unknown god.
  1598 | D:3      | Noticed Robin
  1655 | D:3      | Killed Robin
  1848 | D:3      | Noticed YoungGLord's ghost (amateur HOFi)
  2125 | D:3      | Noticed Sigmund
  2237 | D:3      | Noticed Jessica
  2253 | D:3      | Killed Jessica
  2253 | D:3      | Reached XP level 5. HP: 29/38 MP: 5/8
  2258 | D:3      | Killed Sigmund
  2258 | D:3      | Reached XP level 6. HP: 31/44 MP: 5/9
  3412 | D:4      | Slain by an iguana

Skill      XL: |  1  2  3  4  5 |
---------------+----------------+-----
Armour         | 2 3 4 |  4.4
Long Blades    | 3 |  3.6
Charms         | 4 |  4.2
Fighting       | |  2.0
Dodging        | |  2.0
Spellcasting   | |  2.0

Action                   |  1- 3 |  4- 6 || total
-------------------------+-------+-------++-------
Melee: Falchion          |    85 |   145 ||   230
 Cast: Shroud of Golubri |     3 |     9 ||    12
       Song of Slaying   |     1 |     2 ||     3
  Use: Potion            |       |     1 ||     1
 Stab: Sleeping          |       |     1 ||     1
  Eat: Chunk             |       |     9 ||     9
Armor: Leather armour    |    28 |    42 ||    70
       Skin              |       |    18 ||    18
Dodge: Dodged            |    50 |   117 ||   167
       Rpst.: Falchion   |    15 |    32 ||    47
